 Dungeon Crawl Stone Soup version 0.20-a0-433-g9e36e56 (webtiles) character file.

23221 Ijustatesigmund the Fighter (level 12, 0/118 HPs)
             Began as a Minotaur Monk on Jan 4, 2017.
             Was a High Priest of Trog.
             Hit by a steel javelin thrown by Urug (19 damage)
             ... on level 12 of the Dungeon.
             The game lasted 00:40:54 (12677 turns).

Ijustatesigmund the Fighter (Minotaur Monk)        Turns: 12677, Time: 00:40:56

Health: 0/118      AC: 18    Str: 20    XL:     12   Next: 69%
Magic:  11/11      EV:  9    Int:  7    God:    Trog [*****.]
Gold:   743        SH:  0    Dex: 20    Spells: 11/11 levels left

rFire  . . .     SeeInvis .     x - +3 battleaxe (drain)
rCold  . . .     Gourm    .     r - +0 plate armour
rNeg   . . .     Faith    +     (shield currently unavailable)
rPois  .         Spirit   .     (helmet restricted)
rElec  .         Reflect  .     (no cloak)
rCorr  .         Harm     .     j - +2 pair of gloves
MR     .....                    (no boots)
Stlth  ..........               Q - amulet of faith
                                F - +1 ring of slaying
                                b - +6 ring of dexterity

@: very slightly contaminated, hasted, heavily drained, very quick
A: retaliatory headbutt, horns 2
a: Berserk, Trog's Hand, Brothers in Arms, Burn Spellbooks, Renounce Religion


You were on level 12 of the Dungeon.
You worshipped Trog.
Trog was extremely pleased with you.
You were hungry.

You visited 2 branches of the dungeon, and saw 13 of its levels.
You also visited: Sewer.

You collected 743 gold pieces.

Inventory:

Hand Weapons
 m - a +1 flail of protection
 x - a +3 battleaxe of draining (weapon)
 y - a +0 war axe
Missiles
 n - 5 poisoned javelins (quivered)
Armour
 j - a +2 pair of gloves (worn)
 r - a +0 plate armour (worn)
Jewellery
 b - a +6 ring of dexterity (left hand)
 k - an uncursed amulet of harm
 F - a +1 ring of slaying (right hand)
 G - an uncursed ring of magical power {unknown}
 Q - an amulet of faith (around neck)
Wands
 q - a wand of iceblast (10/15)
 w - a wand of lightning (1/15)
 E - a wand of disintegration (9/24)
 P - a wand of confusion (34/48)
Scrolls
 l - 4 scrolls of recharging
 p - 2 scrolls of remove curse
 z - a scroll of fear
 D - a scroll of magic mapping
 L - 2 scrolls of immolation
 R - a scroll of teleportation
Potions
 a - a potion of resistance
 d - 2 potions of haste
 e - 5 potions of curing
 f - 2 potions of lignification
 g - 2 potions of magic
 h - a potion of cure mutation
 o - 3 potions of flight
 s - a potion of mutation
 t - a potion of brilliance {unknown}
 u - 4 potions of might
 v - 2 potions of cancellation
 A - 4 potions of agility
 B - 2 potions of heal wounds
 C - 2 potions of degeneration {unknown}
 I - a potion of ambrosia {unknown}
 N - a potion of beneficial mutation {unknown}
 O - a potion of experience {unknown}
Books
 J - a book of Conjurations

   Spells                             Type                      Level
   a - Magic Dart                     Conjuration                  1
   b - Searing Ray                    Conjuration                  2
   c - Dazzling Spray                 Conjuration/Hexes            3
   d - Fulminant Prism                Conjuration/Hexes            4
   e - Iskenderun's Mystic Blast      Conjuration                  4
   f - Iskenderun's Battlesphere      Conjuration/Charms           5
   Trog disapproves of the use of such an item.
 K - a book of Transfigurations

   Spells                             Type                      Level
   a - Irradiate                      Conjuration/Transmutation    5
   b - Statue Form                    Transmutation/Earth          6
   c - Hydra Form                     Transmutation                6
   d - Dragon Form                    Transmutation                7
   Trog disapproves of the use of such an item.
 M - a book of Clouds

   Spells                             Type                      Level
   a - Mephitic Cloud                 Conjuration/Poison/Air       3
   b - Conjure Flame                  Conjuration/Fire             3
   c - Poisonous Cloud                Conjuration/Poison/Air       5
   d - Freezing Cloud                 Conjuration/Ice/Air          6
   e - Ring of Flames                 Charms/Fire                  7
   Trog disapproves of the use of such an item.
Comestibles
 c - 11 bread rations
 i - 6 meat rations
 H - 3 slices of pizza


   Skills:
 + Level 14.9(13.4) Fighting
 + Level 14.9(13.4) Axes
 - Level 5.0(3.8) Throwing
 - Level 11.7(10.3) Armour
 - Level 5.1(3.9) Dodging
 - Level 1.5(0.4) Stealth


You had 11 spell levels left.
You didn't know any spells.

Dungeon Overview and Level Annotations

Branches:
Dungeon (12/15)            Temple (1/1) D:5            Lair (0/6) D:11
    Orc (0/2) D:11

Altars:
Ashenzari
Cheibriados
Dithmenos
Elyvilon
Fedhas
Gozag
Hepliaklqana
Kikubaaqudgha
Makhleb
Nemelex Xobeh
Okawaru
Qazlal
Ru
Sif Muna
Trog
Uskayaw
Vehumet
Xom
Yredelemnul
Zin
The Shining One
Beogh

Annotations:
D:12 Urug


Innate Abilities, Weirdness & Mutations

You reflexively headbutt those who attack you in melee.
You have a pair of horns on your head.


Message History

You are too injured to fight recklessly!
You are too injured to fight recklessly!
You are too injured to fight recklessly!
You feel yourself speed up.
The two-headed ogre hits you with a giant spiked club!!
* * * LOW HITPOINT WARNING * * *
The two-headed ogre hits you but does no damage.
Urug completely misses you.
You are very lightly contaminated with residual magic.
Evoke which item? (* to show all) (? for menu, Esc to quit)
Aiming: Iceblast (will waste charges)
Press: ? - help, Shift-Dir - straight line, f - two-headed ogre
Aim: a two-headed ogre, wielding a giant spiked club and a giant club (severely wounded, lightly drained)
The mass of ice explodes!
The iceblast engulfs the two-headed ogre.
You kill the two-headed ogre!
Trog accepts your kill.
Evoking this partially-identified wand wasted a few charges.
Urug throws a steel javelin.
The steel javelin hits you!!
You die...

######.#.....#<.......#
#......#.....#........#
#......#######........#
#.....................#
#......................
#......................
#....................##
#....................#.
#.....@..............#.
#....................#.
#.....)..###########.#.
##.......# #.#.
#.....o.# #.#.
#.......# #.#.
#.......# +.#.
#........# #.##
#........# #...


You could see Urug.

Vanquished Creatures
  Josephine (D:10)
  A hydra (D:11)
  Erica (D:11)
  A centaur warrior (D:11)
  5 two-headed ogres
  The ghost of wazuzu the Ogre Mage, a novice OgFE of Vehumet (D:7)
  An unseen horror (D:11)
  8 deep elf magi (D:11)
  2 manticores (D:12)
  Psyche (D:11)
  2 trolls
  A hornet (D:9)
  6 slime creatures (D:10)
  Sigmund (D:3)
  2 hippogriffs (D:10)
  A shadow (D:11)
  7 wraiths
  Eustachio (D:4)
  A human (D:7)
  A yak (D:7)
  A wyvern (D:11)
  3 hogs (D:7)
  Purgy (Sewer)
  An acid dragon (D:11)
  6 sky beasts
  12 orc warriors
  2 ice beasts
  8 ogres
  A black bear (D:10)
  2 phantoms
  A necrophage (D:11)
  The ghost of Gorice the Skirmisher, an amateur DsAM (Sewer)
  4 centaurs
  6 big kobolds
  10 bullfrogs
  A gnoll sergeant (D:11)
  A water moccasin zombie (D:9)
  A wyvern skeleton (D:12)
  A scorpion (D:8)
  12 killer bees
  A howler monkey (D:5)
  An electric eel (D:11)
  2 crimson imps
  A bullfrog zombie (D:10)
  2 centaur zombies
  10 hounds
  2 quasits (D:9)
  A bullfrog skeleton (D:4)
  A centaur skeleton (D:8)
  14 orc priests
  A jelly (D:5)
  20 orc wizards
  2 gnoll shamans
  7 worker ants
  A hound zombie (D:8)
  4 hound skeletons
  A howler monkey zombie (D:11)
  15 gnolls
  12 adders
  2 shadow imps
  2 oozes
  An adder zombie (D:10)
  5 worms
  4 dart slugs
  7 leopard geckos
  71 orcs
  11 giant cockroaches
  11 goblins
  15 hobgoblins
  14 jackals
  34 kobolds
  5 quokkas
  7 bats
  4 frilled lizards
  A quokka skeleton (D:5)
  10 rats
  2 bushes (D:2)
  A plant (D:2)
425 creatures vanquished.

Vanquished Creatures (others)
  A leopard gecko (D:3)
  A quokka (D:3)
2 creatures vanquished.

Grand Total: 427 creatures vanquished

Notes
Turn   | Place    | Note
-------+----------+-------------------------------------------
     0 | D:1      | Ijustatesigmund the Minotaur Monk began the quest for the Orb.
     0 | D:1      | Reached XP level 1. HP: 19/19 MP: 0/0
    62 | D:1      | Reached XP level 2. HP: 24/27 MP: 1/1
   262 | D:1      | Reached XP level 3. HP: 33/33 MP: 2/2
   801 | D:2      | Reached skill level 5 in Axes
   801 | D:2      | Reached XP level 4. HP: 38/41 MP: 3/3
  1290 | D:2      | Reached skill level 1 in Armour
  1806 | D:3      | Reached skill level 5 in Fighting
  1811 | D:3      | Reached XP level 5. HP: 24/48 MP: 4/4
  1821 | D:3      | Noticed Sigmund
  2050 | D:3      | Killed Sigmund
  2050 | D:3      | Reached XP level 6. HP: 49/57 MP: 5/5
  3033 | D:4      | HP: 1/58 [orc priest/nerve-wracking pain (13)]
  3035 | D:4      | Reached XP level 7. HP: 1/64 MP: 6/6
  3384 | D:4      | Noticed Eustachio
  3392 | D:4      | Killed Eustachio
  3822 | D:4      | Reached skill level 5 in Armour
  4124 | D:5      | Entered Level 5 of the Dungeon
  4239 | D:5      | Found an iron altar of Okawaru.
  4295 | D:5      | Found a glowing drain.
  4315 | Sewer    | Entered a sewer
  4315 | Sewer    | Noticed Gorice's ghost (amateur DsAM)
  4329 | Sewer    | Killed Gorice's ghost
  4329 | Sewer    | Reached XP level 8. HP: 65/73 MP: 7/7
  4442 | Sewer    | Noticed Purgy
  4450 | Sewer    | Killed Purgy
  4536 | D:5      | Found a staircase to the Ecumenical Temple.
  4540 | Temple   | Entered the Ecumenical Temple
  5837 | D:6      | Identified a scroll of acquirement
  6427 | D:6      | Reached XP level 9. HP: 60/83 MP: 8/8
  6823 | D:7      | Noticed wazuzu's ghost (novice OgFE)
  6829 | D:7      | Killed wazuzu's ghost
  6829 | D:7      | Reached skill level 10 in Axes
  6841 | D:7      | Reached skill level 10 in Fighting
  7199 | D:7      | Reached XP level 10. HP: 71/94 MP: 9/9
  7458 | D:8      | Noticed a two-headed ogre
  7467 | D:8      | Killed a two-headed ogre
  7467 | D:8      | Reached skill level 10 in Armour
  7509 | D:8      | Found a blossoming altar of Fedhas.
  7509 | D:8      | Found an ancient bone altar of Kikubaaqudgha.
  7509 | D:8      | Found a shattered altar of Ashenzari.
  7825 | D:8      | Noticed a two-headed ogre
  7831 | D:8      | Killed a two-headed ogre
  7831 | D:8      | Reached skill level 5 in Dodging
  7850 | D:8      | Found a deep blue altar of Sif Muna.
  7857 | D:8      | Found a hazy altar of Hepliaklqana.
  7860 | D:8      | Found a snail-covered altar of Cheibriados.
  7863 | D:8      | Found a radiant altar of Vehumet.
  8040 | D:8      | Found a hide-covered altar of Uskayaw.
  8306 | Temple   | Became a worshipper of Trog the Wrathful
  8306 | Temple   | Reached * piety under Trog
  8306 | Temple   | Reached ** piety under Trog
  8721 | D:9      | Paralysed by a hornet for 2 turns
  9261 | D:10     | Entered Level 10 of the Dungeon
  9267 | D:10     | Noticed a two-headed ogre
  9273 | D:10     | Killed a two-headed ogre
  9273 | D:10     | Reached XP level 11. HP: 54/105 MP: 10/10
  9749 | D:10     | Noticed Josephine
  9758 | D:10     | Killed Josephine
 10032 | D:10     | Reached *** piety under Trog
 10631 | D:11     | Noticed a two-headed ogre
 10633 | D:11     | Killed a two-headed ogre
 10633 | D:11     | Reached skill level 1 in Throwing
 10816 | D:11     | Found a staircase to the Lair.
 10973 | D:11     | Reached **** piety under Trog
 11047 | D:11     | Noticed a centaur warrior
 11049 | D:11     | Noticed Erica
 11053 | D:11     | Killed a centaur warrior
 11059 | D:11     | Killed Erica
 11059 | D:11     | Reached XP level 12. HP: 117/117 MP: 11/11
 11541 | D:11     | Noticed an eight-headed hydra
 11551 | D:11     | Killed an eight-headed hydra
 11714 | D:11     | Noticed Psyche
 11720 | D:11     | Killed Psyche
 11786 | D:11     | Found a roughly hewn altar of Beogh.
 11786 | D:11     | Found a staircase to the Orcish Mines.
 12235 | D:11     | Reached ***** piety under Trog
 12361 | D:12     | Reached skill level 5 in Throwing
 12664 | D:12     | Noticed a two-headed ogre
 12665 | D:12     | Noticed Urug
 12677 | D:12     | Killed a two-headed ogre
 12677 | D:12     | Hit by a steel javelin thrown by Urug

Vault maps used:
D:1:      kennysheep_arrival_forest, minivault_19, st_stairs_13
D:2:      serial_forest, infiniplex_forest_clump_long,
          infiniplex_forest_clump_small, infiniplex_forest_clump_long,
          infiniplex_forest_end_1, infiniplex_forest_zigzag_2,
          infiniplex_forest_straight_5, infiniplex_forest_lined_3_way,
          first_bread
D:3:      lemuel_old_faithful, uniq_sigmund
D:4:      uniq_eustachio
D:5:      portal_sewer_entry_f, kennysheep_okawaru_gauntlet
D:7:      grunt_ministairs_2, grunt_livestock, hangedman_decor_opposing
D:8:      grunt_temple_overflow_cloverleaf, nicolae_overflow_quartered_altars
D:9:      kennysheep_generic_room_15
D:10:     serial_column_ruins, column_ruins_grid_2,
          column_ruins_columns_dead_end, column_ruins_columns_straight,
          column_ruins_open_medium, column_ruins_grid_4,
          hangedman_decor_riveting, uniq_josephine
D:11:     lair_entry_dummy, david_orc_5, elves_outpost_lemuel, uniq_psyche,
          uniq_erica
D:12:     uniq_urug
Temple:   oiseaux_autumnal_temple
Sewer:    kennysheep_door_sewer

Skill      XL: |  1  2  3  4  5  6  7  8  9 10 11 12 |
---------------+-------------------------------------+-----
Axes           | 4 5 6 7 9 10 12 14 | 14.9
Fighting       | 4 5 6 7 9 10 12 14 | 14.9
Armour         | 2 3 4 5 7 9 10 11 | 11.7
Dodging        | 5 |  5.1
Throwing       | 2 5 |  5.0
Stealth        | |  1.5

Action                   |  1- 3 |  4- 6 |  7- 9 | 10-12 || total
-------------------------+-------+-------+-------+-------++-------
Melee: Hand axe          |    65 |   284 |   128 |       ||   477
       Headbutt          |    14 |   112 |    71 |    87 ||   284
       War axe           |       |       |    38 |       ||    38
       Battleaxe         |       |       |    96 |   363 ||   459
       Flail             |       |       |       |    10 ||    10
Throw: Javelin           |       |       |       |     1 ||     1
Invok: Berserk           |       |       |       |     6 ||     6
       Trog's Hand       |       |       |       |     2 ||     2
Evoke: Wand              |       |       |     1 |     1 ||     2
  Use: Scroll            |     4 |     8 |     9 |    11 ||    32
       Potion            |       |     3 |     3 |     2 ||     8
 Stab: Sleeping          |     5 |     3 |       |       ||     8
       Distracted        |     1 |       |       |       ||     1
  Eat: Chunk             |       |     3 |    13 |    13 ||    29
       Bread ration      |       |     1 |       |       ||     1
       Beef jerky        |       |       |       |     2 ||     2
       Pizza             |       |       |       |     5 ||     5
Armor: Robe              |    11 |       |       |       ||    11
       Plate armour      |       |    75 |   171 |   302 ||   548
       Ring mail         |       |     4 |       |       ||     4
Dodge: Dodged            |    46 |    53 |    81 |   206 ||   386
